 Dungeon Crawl Stone Soup version 0.29-a0-251-g80730f7218 (webtiles) character file.

Game seed: 55822248221517846

97 sanka the Insei (level 4, 0/34 HPs)
             Began as a Gnoll Transmuter on Mar 5, 2022.
             Was an Initiate of Yredelemnul.
             Hit by a stone thrown by a gnoll (2 damage)
             ... on level 3 of the Dungeon.
             The game lasted 00:02:44 (1949 turns).

sanka the Insei (Gnoll Transmuter)                  Turns: 1949, Time: 00:02:44

Health: 0/34       AC:  2    Str: 12    XL:     4   Next: 68%
Magic:  11/11      EV: 13    Int: 12    God:    Yredelemnul [......]
Gold:   170        SH:  0    Dex: 12    Spells: 12/13 levels left

rFire   . . .      SeeInvis .     - Unarmed
rCold   . . .      Faith    .   (no shield)
rNeg    . . .      Spirit   .   a - +0 robe
rPois   .          Reflect  .   (no helmet)
rElec   .          Harm     .   (no cloak)
rCorr   .          Rampage  .   (no gloves)
Will    .....                   (no boots)
Stlth   ++........              (no amulet)
HPRegen 0.11/turn               (no ring)
MPRegen 0.12/turn               (no ring)

@: no status effects
A: fangs 1, strong nose, distributed training
a: Renounce Religion, Recall Undead Harvest


You were on level 3 of the Dungeon.
You worshipped Yredelemnul.
Yredelemnul was noncommittal.
You visited 1 branch of the dungeon, and saw 3 of its levels.

You collected 170 gold pieces.


Innate Abilities, Weirdness & Mutations

You have very sharp teeth.
Your uncanny sense of smell can sniff out nearby items.
Your experience applies equally to all skills.


   Skills:
 + Level 2.8 Fighting
 + Level 1.2 Short Blades
 + Level 1.2 Long Blades
 + Level 1.2 Axes
 + Level 1.2 Maces & Flails
 + Level 1.2 Polearms
 + Level 1.2 Staves
 + Level 1.2 Slings
 + Level 1.2 Bows
 + Level 1.2 Crossbows
 + Level 1.2 Throwing
 + Level 1.2 Armour
 + Level 4.7 Dodging
 + Level 1.2 Stealth
 + Level 1.2 Shields
 + Level 6.6 Unarmed Combat
 + Level 5.1 Spellcasting
 + Level 1.0 Conjurations
 + Level 1.0 Hexes
 + Level 1.0 Summonings
 + Level 1.0 Necromancy
 + Level 1.0 Translocations
 + Level 3.9 Transmutations
 + Level 1.0 Fire Magic
 + Level 1.0 Ice Magic
 + Level 1.0 Air Magic
 + Level 1.0 Earth Magic
 + Level 1.0 Poison Magic
 + Level 1.3 Invocations
 + Level 1.2 Evocations


You had 12 spell levels left.
You knew the following spells:

 Your Spells              Type           Power      Damage    Failure   Level
z - Beastly Appendage     Tmut           24%        N/A       4%          1

Your spell library contained the following spells:

 Spells                   Type           Power      Damage    Failure   Level
 Wereblood                Tmut           12%        N/A       6%          2
 Spider Form              Tmut/Pois      8%         N/A       22%         3
 Ice Form                 Ice/Tmut       8%         N/A       58%         4

Inventory:

Armour
 a - a +0 robe (worn)
Jewellery
 h - a ring of fire
 i - a ring of willpower
Scrolls
 c - a scroll of noise {unknown}
 d - a scroll of magic mapping {unknown}
 g - a scroll of blinking {unknown}
 j - a scroll of fear {unknown}
 k - 2 scrolls of enchant armour {unknown}
 m - a scroll of identify {unknown}
Potions
 b - 2 potions of magic {unknown}
 e - a potion of mutation {unknown}
 f - 2 potions of flight {unknown}
 l - a potion of curing {unknown}

Dungeon Overview and Level Annotations

Branches:
Dungeon (3/15)

Altars:
Yredelemnul

...▒............
......▒.▒........
...▒...▒.▒......
..............▒ ..▒
▒g......▒ ▒.▒
▒gZ.....▒
▒▒.▒▒▒g......▒
▒......▒..▒▒▒▒
▒.▒▒.g........
...▒▒▒▒.▒▒.▒.▒▒▒▒▒▒.
▒.........▒.▒
▒▒▒▒▒▒.▒▒▒▒.▒
▒<▒▒▒▒.▒ ▒......▒
▒▒▒▒▒▒▒▒


You could see 3 gnolls and a friendly adder zombie.


Message History

The gnoll misses you.
Your Conjurations skill increases to level 1!
Your Hexes skill increases to level 1!
Your Summonings skill increases to level 1!
Your Necromancy skill increases to level 1!
Your Translocations skill increases to level 1!
Your Fire Magic skill increases to level 1!
Your Ice Magic skill increases to level 1!
Your Air Magic skill increases to level 1!
Your Earth Magic skill increases to level 1!
Your Poison Magic skill increases to level 1!
Unknown command.
The gnoll hits you from afar with a +0 spear.
* * * LOW HITPOINT WARNING * * *
Your adder zombie bites the gnoll but does no damage.
The gnoll hits you with a +0 club!
* * * LOW HITPOINT WARNING * * *
Your adder zombie bites the gnoll.
The gnoll hits your adder zombie with a +0 whip.
Your horns disappear.
Your talons disappear.
Your adder zombie misses the gnoll.
The gnoll hits you with a +0 club.
* * * LOW HITPOINT WARNING * * *
The gnoll hits your adder zombie with a +0 spear.
Your adder zombie closely misses the gnoll.
The gnoll throws a stone.
The stone hits you.
You die...
Your body rises from the dead as a mindless zombie.

Action                   |  1- 3 |  4- 6 || total
-------------------------+-------+-------++-------
Melee: Unarmed           |    85 |    16 ||   101
       Bite              |     3 |     3 ||     6
       Punch             |     2 |       ||     2
       Kick              |    11 |     2 ||    13
       Headbutt          |     6 |     1 ||     7
 Cast: Beastly Appendage |    17 |     2 ||    19
 Stab: Sleeping          |     1 |       ||     1
Armor: Robe              |    12 |     1 ||    13
Dodge: Dodged            |    56 |    22 ||    78

Levels and vault maps discovered:
D:1:      onia_arrival_mini_spirals, layout_basic, shapermc_ecumenical_altar_gd
D:2:      layout_basic, grunt_ministairs_10
D:3:      layout_loops_cross, trog_wizard, serial_shops,
          nicolae_shop_bloodbath_and_beyond, grunt_decor_mini_mirrors

Notes
Turn   | Place    | Note
-------+----------+-------------------------------------------
     0 | D:1      | sanka the Gnoll Transmuter began the quest for the Orb.
     0 | D:1      | Reached XP level 1. HP: 17/17 MP: 6/6
   163 | D:1      | Reached XP level 2. HP: 18/23 MP: 7/7
   683 | D:2      | Reached XP level 3. HP: 25/28 MP: 7/9
   728 | D:2      | Reached skill level 5 in Spellcasting
   766 | D:1      | Reached skill level 1 in Invocations
   842 | D:1      | Found a faded altar of an unknown god.
   858 | D:1      | Prayed at the altar of an unknown god.
   858 | D:1      | Became a worshipper of Yredelemnul the Dark
   858 | D:1      | Reached * piety under Yredelemnul
   914 | D:1      | Reached skill level 1 in Short Blades
   914 | D:1      | Reached skill level 1 in Long Blades
   914 | D:1      | Reached skill level 1 in Axes
   914 | D:1      | Reached skill level 1 in Maces & Flails
   914 | D:1      | Reached skill level 1 in Polearms
   914 | D:1      | Reached skill level 1 in Staves
   914 | D:1      | Reached skill level 1 in Slings
   914 | D:1      | Reached skill level 1 in Bows
   914 | D:1      | Reached skill level 1 in Crossbows
   914 | D:1      | Reached skill level 1 in Throwing
   914 | D:1      | Reached skill level 1 in Armour
   914 | D:1      | Reached skill level 1 in Stealth
   914 | D:1      | Reached skill level 1 in Shields
   914 | D:1      | Reached skill level 1 in Evocations
  1402 | D:1      | Reached ** piety under Yredelemnul
  1620 | D:2      | Reached XP level 4. HP: 34/34 MP: 11/11
  1946 | D:3      | Reached skill level 1 in Conjurations
  1946 | D:3      | Reached skill level 1 in Hexes
  1946 | D:3      | Reached skill level 1 in Summonings
  1946 | D:3      | Reached skill level 1 in Necromancy
  1946 | D:3      | Reached skill level 1 in Translocations
  1946 | D:3      | Reached skill level 1 in Fire Magic
  1946 | D:3      | Reached skill level 1 in Ice Magic
  1946 | D:3      | Reached skill level 1 in Air Magic
  1946 | D:3      | Reached skill level 1 in Earth Magic
  1946 | D:3      | Reached skill level 1 in Poison Magic
  1946 | D:3      | HP: 3/34 [gnoll/+0 club (8)]
  1948 | D:3      | HP: 1/34 [gnoll/+0 club (2)]
  1949 | D:3      | Hit by a stone thrown by a gnoll

Vanquished Creatures
  A gnoll shaman (D:3)
  2 adders
  2 dart slugs
  5 bats
  4 endoplasms
  2 giant cockroaches
  6 goblins
  3 hobgoblins
  4 quokkas
  2 ball pythons
  2 frilled lizards
  5 kobolds
  4 rats
42 creatures vanquished.

Vanquished Creatures (collateral kills)
  A dart slug (D:1)
1 creature vanquished.

Vanquished Creatures (others)
  6 demonic plants (D:1)
  2 fungi (D:1)
  3 plants (D:1)
  2 withered plants (D:1)
13 creatures vanquished.

Grand Total: 56 creatures vanquished
